 Dungeon Crawl Stone Soup version 0.25-a0-258-g6d7e32a (webtiles) character file.

Game seed: 15973146640126888480, levelgen mode: deterministic

21284 Burgerman5000 the Fighter (level 13, -1/101 HPs)
             Began as a Formicid Abyssal Knight on Dec 4, 2019.
             Was a High Priest of Lugonu.
             Hit by a javelin thrown by a minotaur (16 damage)
             ... in a Gauntlet on Dec 6, 2019.
             The game lasted 01:47:43 (23047 turns).

Burgerman5000 the Fighter (FoAK)                   Turns: 23047, Time: 01:47:44

Health: -1/101     AC: 12    Str: 19    XL:     13   Next: 18%
Magic:  28/32      EV: 13    Int: 12    God:    Lugonu [*****.]
Gold:   154        SH: 10    Dex: 13    Spells: 18/25 levels left

rFire    + . .     SeeInvis +   a - +3 dagger (elec)
rCold    + . .     Gourm    .   J - +0 shield {rC+ rF+}
rNeg     . . .     Faith    .   A - +0 scale mail
rPois    .         Spirit   .   (helmet unavailable)
rElec    .         Reflect  .   k - scarf {cloud immunity}
rCorr    .         Harm     .   (no gloves)
MR       +....                  Q - +2 pair of boots
Stlth    ++........             (no amulet)
HPRegen  0.26/turn              h - +1 ring of protection
MPRegen  0.23/turn              N - ring of magical power

@: very slightly contaminated
A: permanent stasis, dig shafts and tunnels, four strong arms, antennae 3,
evolution 1, MP-powered wands, sturdy frame 1
a: Dig, Shaft Self, Depart the Abyss, Bend Space, Banish, Corrupt, Enter the
Abyss, Renounce Religion


You were in a Gauntlet.
You worshipped Lugonu.
Lugonu was extremely pleased with you.
You were not hungry.

You visited 4 branches of the dungeon, and saw 15 of its levels.
You visited the Abyss 1 time.
You also visited: Gauntlet.

You collected 1344 gold pieces.
You spent 1190 gold pieces at shops.

Inventory:

Hand Weapons
 a - a +3 dagger of electrocution (weapon)
 b - the +4 trident "Ninew" {speed, rPois}
   (You found it in a Gauntlet)

   Attacks with this weapon are significantly faster.
   It protects you from poison.
 c - a +0 hunting sling
 d - a +1 glaive of protection
 n - a +2 halberd of freezing
 s - a +1 spear
 u - a +2 dagger of freezing
 y - a +2 short sword of venom
Missiles
 p - 25 poisoned darts (quivered)
 L - 77 sling bullets
Armour
 k - a scarf of cloud immunity (worn)
 r - a +0 leather armour of poison resistance
 z - a +0 buckler
 A - a +0 scale mail (worn)
 J - a +0 shield of resistance (worn)
 Q - a +2 pair of boots (worn)
Jewellery
 h - a +1 ring of protection (left hand)
 m - an uncursed amulet of faith
 q - an uncursed ring of positive energy
 v - the ring of the Blind Eye {rF+ rC+ Str-4 Int+5 SInv, unknown}
   (You found it in a Gauntlet)

   [ring of protection from cold]

   It affects your strength (-4).
   It affects your intelligence (+5).
   It protects you from fire.
   It protects you from cold.
   It lets you see invisible.
 N - a ring of magical power (right hand)
Wands
 g - a wand of flame (17)
 H - a wand of random effects (20)
 I - a wand of polymorph (10)
Scrolls
 o - 2 scrolls of enchant weapon
 t - 5 scrolls of magic mapping
 w - 3 scrolls of identify
 x - a scroll of torment {unknown}
 K - 6 scrolls of remove curse
Potions
 e - 3 potions of curing
 i - 3 potions of cancellation
 j - a potion of invisibility {unknown}
 l - a potion of berserk rage {unknown}
 G - a potion of might
 P - a potion of agility {unknown}
 R - a potion of resistance
 T - 2 potions of flight
Miscellaneous
 S - a lamp of fire
Comestibles
 f - 13 rations


   Skills:
 + Level 9.6 Fighting
 - Level 6.0 Short Blades
 + Level 3.0 Polearms
 + Level 9.1 Armour
 + Level 7.4 Dodging
 - Level 6.2 Stealth
 + Level 5.0 Shields
 + Level 6.7 Spellcasting
 + Level 8.1 Hexes
 * Level 3.9 Charms
 + Level 9.4 Invocations


You had 18 spell levels left.
You knew the following spells:

 Your Spells              Type           Power        Failure   Level  Hunger
a - Confusing Touch       Hex            ###...       2%          1    None
b - Confuse               Hex            ###.....     8%          3    ###....
c - Spectral Weapon       Hex/Chrm       ###.....     19%         3    ###....

Your spell library contained the following spells:

 Spells                   Type           Power        Failure   Level  Hunger
 Dazzling Flash           Conj/Hex       ##....       36%         3    ###....
 Shroud of Golubria       Chrm/Tloc      #.....       43%         2    #......
 Swiftness                Chrm/Air       #.......     43%         2    #......
 Beastly Appendage        Tmut           #.....       56%         1    None
 Magic Dart               Conj           #...         56%         1    None
 Pain                     Necr           #...         56%         1    None
 Shock                    Conj/Air       #...         56%         1    None
 Searing Ray              Conj           #.....       71%         2    #......
 Sticks to Snakes         Tmut           #.......     71%         2    #......
 Fulminant Prism          Conj/Hex       ##........   78%         4    ####...
 Gell's Gravitas          Tloc           #.........   91%         3    ###....
 Spider Form              Tmut/Pois      #.........   91%         3    ###....
 Static Discharge         Conj/Air       #.......     91%         3    ###....
 Vampiric Draining        Necr           #.........   91%         3    ###....
 Metabolic Englaciation   Hex/Ice        ##........   98%         5    ######.
 Yara's Violent Unravell  Hex/Tmut       ##........   98%         5    ######.
 Airstrike                Air            #.........   100%        4    ####...
 Ice Form                 Ice/Tmut       #.......     100%        4    ####...
 Iskenderun's Mystic Bla  Conj/Tloc      #.......     100%        4    ####...
 Petrify                  Tmut/Erth      #.......     100%        4    ####...
 Agony                    Necr           #.......     100%        5    ######.
 Blade Hands              Tmut           #.........   100%        5    ######.
 Dispel Undead            Necr           #.......     100%        5    ######.
 Irradiate                Conj/Tmut      #.........   100%        5    ######.
 Lightning Bolt           Conj/Air       #.........   100%        5    ######.
 Hydra Form               Tmut           #.........   100%        6    #######
 Statue Form              Tmut/Erth      #........    100%        6    #######
 Dragon Form              Tmut           #.........   100%        7    #######


Dungeon Overview and Level Annotations

Branches:
Dungeon (10/15)            Temple (1/1) D:4            Lair (2/6) D:10
    Orc (2/2) D:9         Gauntlet (1/1)
  Swamp: Lair:2-4    Shoals: Lair:2-4     Snake: Lair:2-4    Spider: Lair:2-4
    Elf: Orc:2

Altars:
Ashenzari
Cheibriados
Dithmenos
Elyvilon
Fedhas
Gozag
Hepliaklqana
Kikubaaqudgha
Makhleb
Nemelex Xobeh
Okawaru
Qazlal
Ru
Sif Muna
Trog
Uskayaw
Vehumet
Wu Jian
Xom
Yredelemnul
Zin
The Shining One

Shops:
D:5 :   D:6 %   D:10 *

Annotations:
D:6 1 runed translucent door, Psyclone's ghost, novice DEFE
D:9 Erolcha
Orc:1 Nergalle Gauntlet 6 transporters


Innate Abilities, Weirdness & Mutations

You cannot be hasted, slowed, berserked, paralysed or teleported.
You can dig through walls and to a lower floor.
Your four strong arms can wield two-handed weapons with a shield.
You have a pair of large antennae on your head. (SInv)
You evolve.
You expend magic power (3 MP) to strengthen your wands.
Your movements are slightly less encumbered by armour. (ER -2)


Message History

Butt block the butt's attack.
The minotaur gores you.
Your spectral weapon barely misses the minotaur.
You hit the minotaur but do no damage.
The minotaur is lightly wounded.
Your spectral weapon hits the minotaur but does no damage.
You block the minotaur's butt. The minotaur gores you!
You barely miss the minotaur.
The minotaur furiously retaliates!
The minotaur headbutts you.
The minotaur is butt-ly wounded.
Your spectral weapon hits the minotaur.
The minotaur hits you!! The minotaur gores you!
You closely miss the minotaur.
The minotaur furiously retaliates!
The minotaur headbutts you.
* * * BUTT HITPOINT WARNING * * *
The minotaur is lightly wounded.
Your spectral weapon hits the minotaur!
The minotaur hits you!
* * * LOW HITPOINT WARNING * * *
You block the minotaur's attack.
The minotaur throws a javelin.
The javelin pierces through you!
Butt butt...

###..######
.##..≈##..######
.©#..###..##...#
.##..≈##..##.#.# ##
###..###.....#.# .#
###..#....##.#.####'##
###..#©...##...##..⌠.#
...∩.#....##.#.##∩H..#
.....#.......#.'@.(.⌠+
###..#©...##.#(##.⌠..#
hh#..#....##...###+###
bb#.§###..##.#.# {
#b#§.§##.....#.#
.[#..###..##.#.#
.©#..≈##..##...#
..#..###.. ####
#|#..≈#


You could see a minotaur and a friendly spectral +3 dagger of electrocution.

Vanquished Creatures
  A two-headed ogre (D:10)
  A tengu warrior (D:10)
  A queen ant (Gauntlet)
  An orc high priest (D:9)
  Pikel (D:8)
  An orc sorcerer (Orc:2)
  3 spiny frogs (Lair:1)
  Psyche (D:7)
  An apocalypse crab (Gauntlet)
  4 komodo dragons
  2 trolls
  A tengu conjurer (D:10)
  2 hornets (Gauntlet)
  5 blink frogs
  3 hippogriffs
  18 yaks
  A wyvern (Lair:1)
  2 basilisks
  3 hungry ghosts
  5 soldier ants
  A warg (Orc:2)
  A porcupine (Lair:1)
  6 water moccasins (Lair:1)
  A hornet zombie (D:10)
  4 slaves (D:8)
  A swamp drake (D:9)
  2 ice beasts (D:10)
  15 orc warriors
  4 sky beasts
  An eye of draining (D:10)
  A black bear (D:9)
  11 wolves
  6 ogres
  2 centaurs
  A big kobold (D:10)
  4 crocodiles
  7 bullfrogs
  A water moccasin skeleton (D:7)
  2 scorpions
  6 killer bees (D:8)
  An electric eel (D:10)
  10 howler monkeys
  3 bullfrog zombies
  7 crimson imps
  5 jellies
  2 hounds
  21 orc wizards
  14 orc priests
  A bullfrog skeleton (D:8)
  5 iguanas
  4 worker ants
  2 hound skeletons
  A worker ant zombie (D:8)
  7 adders
  10 gnolls
  2 shadow imps
  A white imp (D:6)
  An adder skeleton (D:9)
  6 worms
  2 dart slugs
  3 leopard geckos
  80 orcs
  6 bats
  3 giant cockroaches
  2 gnoll zombies (D:7)
  5 goblins
  8 hobgoblins
  3 jackals (D:6)
  6 quokkas
  2 frilled lizards (D:1)
  15 kobolds
  5 rats
377 creatures vanquished.

Vanquished Creatures (others)
  A two-headed ogre (D:9)
  An elephant (D:10)
  2 wolves (D:10)
  A jelly (D:7)
  2 fungi (Lair:1)
  7 spectral weapons
14 creatures vanquished.

Grand Total: 391 creatures vanquished

Notes
Turn   | Place    | Note
-------+----------+-------------------------------------------
     0 | Abyss:1  | Burgerman5000 the Formicid Abyssal Knight began the quest
                  | for the Orb.
     0 | Abyss:1  | Reached XP level 1. HP: 18/18 MP: 2/2
    15 | D:1      | Escaped the Abyss
    57 | D:1      | Reached skill level 1 in Dodging
   159 | D:1      | Reached XP level 2. HP: 23/24 MP: 3/3
   431 | D:1      | Reached skill level 1 in Short Blades
   694 | D:1      | Reached XP level 3. HP: 30/30 MP: 4/4
  1718 | D:2      | Reached ** piety under Lugonu
  1808 | D:2      | Found a snail-covered altar of Cheibriados.
  1811 | D:2      | Reached XP level 4. HP: 37/37 MP: 5/5
  2177 | D:3      | Reached XP level 5. HP: 36/42 MP: 6/6
  2318 | D:3      | Found a shattered altar of Ashenzari.
  3031 | D:4      | Reached XP level 6. HP: 49/49 MP: 7/7
  3928 | D:4      | Found a staircase to the Ecumenical Temple.
  3938 | Temple   | Entered the Ecumenical Temple
  4358 | D:4      | Found a staircase to the Ecumenical Temple.
  4678 | D:5      | Entered Level 5 of the Dungeon
  4975 | D:5      | Reached XP level 7. HP: 55/55 MP: 9/9
  5012 | D:5      | Found Ulus's Book Emporium.
  5197 | D:5      | Reached skill level 5 in Fighting
  5499 | D:5      | Reached *** piety under Lugonu
  5564 | D:5      | Found an opulent altar of Gozag.
  5642 | D:5      | Reached XP level 8. HP: 51/63 MP: 9/11
  5820 | D:6      | Found a runed translucent door.
  5820 | D:6      | Found a shimmering altar of Xom.
  5820 | D:6      | Noticed Psyclone's ghost (novice DEFE)
  5820 | D:6      | Noticed a +0 rapier of chaos
  6210 | D:6      | Found Zop Pokuos's Food Shop.
  7014 | D:6      | HP: 2/64 [orc warrior/+0 trident (7)]
  7274 | D:5      | Reached skill level 5 in Armour
  7632 | D:6      | Reached skill level 5 in Invocations
  7793 | D:7      | Reached XP level 9. HP: 66/69 MP: 12/12
  8143 | D:5      | Bought a book of Misfortune for 280 gold pieces
  8145 | D:5      | Learned a level 1 spell: Confusing Touch
  8419 | D:7      | Reached skill level 1 in Spellcasting
  8419 | D:7      | Reached skill level 1 in Hexes
  8918 | D:7      | Got an iridescent mace
  8919 | D:7      | Identified the +2 mace of Cheese {crush, Fragile Str+6
                  | Int+8} (You found it on level 7 of the Dungeon)
  9005 | D:7      | Found a basalt altar of Yredelemnul.
  9027 | D:7      | Reached **** piety under Lugonu
  9091 | D:8      | Noticed Psyche
  9334 | D:7      | Killed Psyche
  9334 | D:7      | Reached skill level 5 in Short Blades
  9617 | D:8      | Reached skill level 5 in Dodging
  9636 | D:8      | HP: 3/71 [killer bee (6)]
  9707 | D:8      | Noticed Pikel
  9964 | D:8      | Killed Pikel
  9964 | D:8      | Reached XP level 10. HP: 61/79 MP: 15/15
 10876 | D:7      | Reached skill level 1 in Stealth
 11416 | D:8      | Learned a level 3 spell: Confuse
 11469 | D:9      | Noticed Erolcha
 11553 | D:9      | Reached skill level 5 in Hexes
 11876 | D:9      | Found a shadowy altar of Dithmenos.
 11876 | D:9      | Found a bloodstained altar of Trog.
 12156 | D:9      | Found a stormy altar of Qazlal.
 12163 | D:9      | Reached ***** piety under Lugonu
 12183 | D:9      | Found an iron altar of Okawaru.
 12185 | D:9      | Found a shimmering blue altar of Sif Muna.
 12185 | D:9      | Found a glowing golden altar of the Shining One.
 12186 | D:9      | Found a glowing silver altar of Zin.
 12187 | D:9      | Found an ancient bone altar of Kikubaaqudgha.
 12189 | D:9      | Found a burning altar of Makhleb.
 12464 | D:9      | Reached XP level 11. HP: 37/86 MP: 17/17
 13155 | D:9      | Found a staircase to the Orcish Mines.
 13280 | D:9      | Noticed a death yak
 13416 | D:9      | Upgraded the game from 0.25-a0-251-g572059c to
                  | 0.25-a0-258-g6d7e32a
 13616 | D:8      | Reached skill level 5 in Spellcasting
 14147 | D:10     | Entered Level 10 of the Dungeon
 14325 | D:10     | Noticed a tengu warrior
 14496 | D:10     | Noticed a two-headed ogre
 14507 | D:9      | Banished a two-headed ogre
 14800 | D:10     | Found Ceampoc's Assorted Antiques.
 14922 | Orc:1    | Entered Level 1 of the Orcish Mines
 15008 | Orc:1    | Noticed an orc high priest
 15109 | D:9      | Killed an orc high priest
 15495 | Orc:1    | Reached skill level 5 in Stealth
 15967 | Orc:1    | Noticed Nergalle
 16469 | Orc:2    | Entered Level 2 of the Orcish Mines
 16705 | Orc:1    | Noticed a spectral orc warlord
 16824 | Orc:2    | Noticed an orc sorcerer
 16839 | Orc:2    | Killed an orc sorcerer
 17531 | D:10     | Reached XP level 12. HP: 62/94 MP: 20/20
 17541 | D:10     | Killed a tengu warrior
 17541 | D:10     | Reached skill level 1 in Shields
 17839 | D:10     | Noticed a two-headed ogre
 17848 | D:10     | Killed a two-headed ogre
 18547 | D:10     | Gained mutation: Your body sometimes deteriorates upon
                  | taking damage. [potion of mutation]
 18547 | D:10     | Gained mutation: You evolve. [potion of mutation]
 18847 | D:10     | Found a staircase to the Lair.
 19179 | Lair:1   | Entered Level 1 of the Lair of Beasts
 19303 | D:5      | Bought Sif Muna's Tome of Doomed Aid for 910 gold pieces
 19307 | D:5      | Learned a level 3 spell: Spectral Weapon
 20091 | Lair:1   | Reached skill level 1 in Charms
 20538 | Lair:1   | Lost mutation: Your body sometimes deteriorates upon taking
                  | damage. [potion of mutation]
 20538 | Lair:1   | Gained mutation: You are clumsy. (Dex -2) [potion of
                  | mutation]
 20538 | Lair:1   | Gained mutation: Your movements are slightly less
                  | encumbered by armour. (ER -2) [potion of mutation]
 20538 | Lair:1   | Lost mutation: You are clumsy. (Dex -2) [potion of
                  | mutation]
 21816 | Lair:1   | Reached XP level 13. HP: 44/101 MP: 21/22
 22118 | Lair:2   | Found a gate leading to a gauntlet.
 22127 | Gauntlet | Entered a Gauntlet
 22127 | Gauntlet | Found a transporter.
 22127 | Gauntlet | Found a transporter.
 22127 | Gauntlet | Found a transporter.
 22331 | Gauntlet | Gained mutation: You expend magic power (3 MP) to
                  | strengthen your wands. [evolution]
 22352 | Gauntlet | Found a transporter.
 22362 | Gauntlet | Found a transporter.
 22367 | Gauntlet | Found a transporter.
 22380 | Gauntlet | Found a transporter.
 22393 | Gauntlet | Found a runed translucent door.
 22394 | Gauntlet | Found a transporter.
 22395 | Gauntlet | Found a runed translucent door.
 22408 | Gauntlet | Found a transporter.
 22411 | Gauntlet | Found a transporter.
 22419 | Gauntlet | Found a transporter.
 22422 | Gauntlet | Found a transporter.
 22663 | Gauntlet | Reached skill level 5 in Shields
 22681 | Gauntlet | Got a polished trident
 22682 | Gauntlet | Identified the +4 trident "Ninew" {speed, rPois} (You found
                  | it in a Gauntlet)
 22945 | Gauntlet | Got a bound turquoise ring
 23040 | Gauntlet | Noticed a minotaur
 23047 | Gauntlet | Hit by a javelin thrown by a minotaur

Levels and vault maps discovered:
D:1:      dpeg_arrival_tiny_k, layout_basic
D:2:      layout_loops_ring, lemuel_round_altar, first_ration
D:3:      layout_loops_ring, marbit_many_paths
D:4:      layout_loops_ring, minmay_temple_entry_nine_rooms
D:5:      layout_basic, grunt_gozag_breadcrumbs, serial_shops, shop
D:6:      layout_loops_ring, serial_shops, shop, ebering_ghost_xom,
          minmay_fire_ice_demons
D:7:      layout_cave_pools, lemuel_zombie_altar_yredelemnul
D:8:      layout_rooms, hangedman_pestilent_swarm, uniq_psyche, uniq_pikel
D:9:      argonaut_augean_stables, layout_basic, minitemple,
          chequers_temple_overflow_statue_of_worship, erik_orc_1, uniq_erolcha
D:10:     wad_river_or_something, layout_small_grid, david_lair_generic,
          serial_shops, nicolae_shop_waterfront
Temple:   dpeg_three_leaves_temple
Lair:1:   layout_regular_city, beast_lair_carwin_10, grunt_megastairs_5
Lair:2:   layout_loops_ring, serial_bayou, serial_bayou_crossing,
          serial_bayou_lagoon_a, serial_bayou_pond_b, serial_bayou_shore_b,
          gauntlet_entry_generic, serial_bayou_shore_a
Orc:1:    layout_caves, lemuel_statue_altar, uniq_nergalle
Orc:2:    st_orc_elflike, layout_caves
Gauntlet: minmay_gauntlet_mixed_big_or_small [nicolae_gauntlet_arena_x,
          minmay_gauntlet_arena_77_p_blocks, gammafunk_gauntlet_arena_crates,
          minmay_gauntlet_arena_77_chump_sandwich,
          gammafunk_gauntlet_arena_chambers, minmay_gauntlet_arena_77_cramped,
          gauntlet_exit_hidden_loot]

Skill      XL: |  1  2  3  4  5  6  7  8  9 10 11 12 13 |
---------------+----------------------------------------+-----
Dodging        | 1 2 3 4 5 6 7 |  7.4
Short Blades   | 1 2 3 4 5 6 |  6.0
Fighting       | 4 5 6 7 8 9 |  9.6
Armour         | 3 4 5 6 7 8 9 |  9.1
Invocations    | 3 4 5 6 7 8 9 |  9.4
Spellcasting   | 3 4 5 6 |  6.7
Hexes          | 4 5 6 7 8 |  8.1
Stealth        | 3 5 6 |  6.2
Shields        | 4 5 |  5.0
Polearms       | 3 |  3.0
Charms         | 3 |  3.9

Action                   |  1- 3 |  4- 6 |  7- 9 | 10-12 | 13-15 || total
-------------------------+-------+-------+-------+-------+-------++-------
Melee: Dagger            |    83 |   158 |   428 |  1057 |    64 ||  1790
       Spear             |    21 |       |       |       |       ||    21
       Short sword       |       |       |       |       |     2 ||     2
 Fire: Hunting sling     |       |       |       |    72 |       ||    72
Throw: Dart              |       |    13 |    12 |     8 |       ||    33
       Stone             |       |     7 |       |       |       ||     7
 Cast: Confuse           |       |       |       |    54 |       ||    54
       Confusing Touch   |       |       |       |    25 |       ||    25
       Spectral Weapon   |       |       |       |    24 |    11 ||    35
Invok: Banish            |       |       |       |    10 |       ||    10
       Bend Space        |       |       |       |     3 |       ||     3
Evoke: Wand              |       |       |     2 |     2 |     1 ||     5
  Use: Scroll            |       |       |     6 |    12 |     1 ||    19
       Potion            |       |       |     6 |     9 |     1 ||    16
 Stab: Confused          |       |       |       |    32 |       ||    32
       Distracted        |       |       |       |     4 |     2 ||     6
       Sleeping          |       |       |       |     2 |       ||     2
       Paralysed         |       |       |       |       |     2 ||     2
  Eat: Chunk             |     3 |     6 |    14 |    27 |     2 ||    52
       Ration            |       |     1 |     3 |     6 |     1 ||    11
Armor: Ring mail         |    16 |    35 |   110 |   126 |       ||   287
       Leather armour    |     4 |       |       |       |       ||     4
       Scale mail        |       |       |       |   124 |    13 ||   137
       Skin              |       |       |       |     3 |       ||     3
Dodge: Dodged            |    51 |    67 |   224 |   446 |    25 ||   813
Block: Buckler           |       |       |       |    61 |     4 ||    65
       Shield            |       |       |       |       |    13 ||    13

Table legend:
 A = Non-vault XP
 B = Vault XP
 C = Vault XP percentage of total XP
 D = Non-vault monster count
 E = Vault monster count
 F = Vault count percentage of total count
                 A         B        C        D         E       F
            +---------+---------+-------+---------+---------+-------
      Total |   20736 |    9670 |  31.8 |     310 |      68 |  18.0
            +---------+---------+-------+---------+---------+-------
        D:1 |      31 |       0 |   0.0 |      18 |       0 |   0.0
        D:2 |      38 |       0 |   0.0 |      14 |       0 |   0.0
        D:3 |     196 |       2 |   1.0 |      23 |       1 |   4.2
        D:4 |     153 |       0 |   0.0 |      10 |       0 |   0.0
        D:5 |     740 |       0 |   0.0 |      25 |       0 |   0.0
        D:6 |     940 |      59 |   5.9 |      29 |       2 |   6.5
        D:7 |     886 |     452 |  33.8 |      12 |       3 |  20.0
        D:8 |    1012 |    2371 |  70.1 |      26 |      12 |  31.6
        D:9 |    4003 |     966 |  19.4 |      52 |      19 |  26.8
       D:10 |    4522 |    1414 |  23.8 |      37 |      11 |  22.9
     Lair:1 |    4982 |    2063 |  29.3 |      24 |      13 |  35.1
     Lair:2 |     543 |       0 |   0.0 |       2 |       0 |   0.0
      Orc:1 |    1034 |       0 |   0.0 |      15 |       0 |   0.0
      Orc:2 |    1656 |       0 |   0.0 |      23 |       0 |   0.0
   Gauntlet |       0 |    2343 | 100.0 |       0 |       7 | 100.0
            +---------+---------+-------+---------+---------+-------
